Map: Jagannatha LE

Players

Astrea

  • Race: Protoss Protoss

Neeb - Winner!

  • Race: Protoss Protoss

Event: DreamHack SC2 Masters 2021 Winter

VOD

Have the link to the VOD?

Description

Time

  • Played on: Oct. 17, 2021, 3:48 p.m.
  • Length: 24:43

All games in this series

Show
View Real Time Build Order
Export as new Build Order

Astrea Protoss 

Build Orders: Phoenix Opening, Blink Stalkers 

Get SALT Encoding   

  12  0:00  Probe  
  13  0:12  Probe  
  14  0:17  Pylon  
  14  0:24  Probe (Chrono Boost)  
  15  0:36  Gateway, Probe (Chrono Boost)  
  16  0:43  Probe (Chrono Boost)  
  16  0:46  Assimilator  
  17  0:51  Probe  
  17  0:54  Assimilator  
  18  1:03  Probe (Chrono Boost)  
  19  1:07  Gateway  
  19  1:13  Probe (Chrono Boost)  
  19  1:18  Probe (Chrono Boost)  
  20  1:24  Cybernetics Core  
  21  1:29  Probe  
  22  1:36  Pylon  
  22  1:41  Probe  
  23  1:54  Probe  
  23  2:00  Stalker, Warp Gate  
  26  2:02  Stalker  
  26  2:07  Probe  
  29  2:32  Sentry  
  31  2:38  Pylon  
  31  2:46  Nexus  
  31  2:47  Probe (Chrono Boost)  
  31  2:54  Pylon  
  31  2:57  Sentry  
  31  2:58  Sentry  
  35  3:02  Probe (Chrono Boost)  
  36  3:08  Probe (Chrono Boost)  
  37  3:13  Shield Battery  
  37  3:16  Probe  
  38  3:21  Twilight Council  
  38  3:28  Probe (Chrono Boost)  
  39  3:39  Probe (Chrono Boost)  
  40  3:44  Probe (Chrono Boost)  
  40  3:47  Stalker x2  
  45  3:48  Phoenix  
  45  3:51  Blink (Chrono Boost)  
  45  3:55  Probe  
  46  3:58  Probe  
  47  4:07  Probe  
  48  4:10  Probe  
  48  4:12  Stalker  
  48  4:16  Stalker  
  53  4:19  Probe  
  53  4:22  Probe  
  55  4:26  Pylon  
  55  4:31  Probe  
  55  4:34  Probe  
  55  4:38  Stalker  
  59  4:41  Stalker, Pylon  
  59  4:44  Probe  
  63  4:56  Nexus  
  62  5:05  Robotics Facility, Probe x2  
  64  5:09  Assimilator  
  64  5:17  Probe x2  
  66  5:29  Probe x2  
  66  5:32  Gateway  
  66  5:33  Gateway  
  68  5:36  Stalker x2  
  72  5:43  Probe  
  72  5:49  Probe  
  74  5:50  Immortal (Chrono Boost), Shield Battery  
  74  5:55  Pylon  
  78  6:00  Probe  
  78  6:02  Probe  
  78  6:10  Probe  
  78  6:11  Stalker x2  
  78  6:12  Phoenix, Probe  
  78  6:14  Probe  
  83  6:19  Observer (Chrono Boost)  
  83  6:23  Probe  
  83  6:24  Probe  
  86  6:26  Probe, Forge  
  87  6:35  Probe  
  87  6:36  Charge  
  87  6:37  Immortal (Chrono Boost), Probe  
  87  6:38  Probe  
  90  6:42  Pylon  
  94  6:47  Probe  
  94  6:48  Stalker x2  
  94  6:49  Probe  
  94  6:50  Probe  
  101  6:54  Observer  
  101  6:56  Protoss Ground Weapons Level 1 (Chrono Boost)  
  101  7:12  Gateway  
  101  7:13  Warp Prism, Gateway  
  101  7:15  Gateway  
  103  7:16  Gateway  
  106  7:24  Assimilator, Templar Archives  
  106  7:27  Zealot x3  
  106  7:28  Pylon  
  109  7:32  Pylon  
  109  7:34  Pylon  
  109  7:46  Probe x3  
  109  7:51  Zealot x4  
  120  7:59  Assimilator  
  120  8:06  Pylon  
  120  8:08  Pylon  
  120  8:11  Zealot x3, High Templar x2  
  130  8:14  Zealot  
  130  8:15  Archon  
  132  8:23  Nexus, Pylon  
  132  8:26  Pylon  
  132  8:28  High Templar  
  132  8:29  High Templar  
  132  8:32  Zealot x3  
  142  8:34  Archon  
  130  8:46  Zealot, High Templar x2  
  128  8:50  Archon  
  128  8:52  Immortal (Chrono Boost)  
  128  8:55  Zealot x3  
  138  9:04  Zealot x2  
  138  9:06  Zealot  
  138  9:08  Protoss Ground Weapons Level 2 (Chrono Boost)  
  129  9:18  Zealot x5  
  129  9:23  Probe  
  134  9:28  Probe  
  129  9:37  Probe x3  
  129  9:38  Zealot x8  
  134  9:43  Probe  
  147  9:47  Shield Battery  
  147  9:49  Probe x2  
  147  9:50  Probe  
  150  9:54  Gateway  
  150  9:57  Gateway  
  150  9:59  High Templar x4  
  158  10:00  Zealot x2  
  158  10:02  Archon  
  158  10:03  Archon  
  158  10:05  Zealot x2  
  166  10:10  Photon Cannon  
  166  10:11  Observer (Chrono Boost)  
  167  10:17  Pylon  
  167  10:18  Pylon  
  167  10:21  Assimilator  
  167  10:22  Photon Cannon, High Templar x2  
  167  10:23  Observer (Chrono Boost)  
  167  10:26  Pylon  
  167  10:27  Archon  
  167  10:28  Pylon  
  172  10:37  Assimilator x2  
  172  10:42  Robotics Bay  
  170  10:49  Zealot x7  
  184  10:53  Robotics Facility  
  184  10:59  Probe  
  184  11:00  Probe x3  
  170  11:11  Probe  
  171  11:23  High Templar x2  
  171  11:24  Zealot x6, High Templar x2  
  189  11:28  Archon x2  
  189  11:37  Disruptor (Chrono Boost)  
  182  11:47  Zealot x6  
  172  11:51  Disruptor (Chrono Boost)  
  177  12:02  Protoss Ground Weapons Level 3 (Chrono Boost)  
  177  12:07  Stalker x9, Nexus  
  191  12:15  Disruptor (Chrono Boost)  
  182  12:17  Photon Cannon  
  180  12:28  Observer  
  163  12:41  Probe x2  
  163  12:42  Probe x2  
  170  12:44  Dark Shrine, Pylon  
  170  12:46  Photon Cannon  
  170  12:47  Disruptor (Chrono Boost)  
  170  12:50  Observer (Chrono Boost)  
  171  12:56  Gravitic Boosters (Chrono Boost)  
  169  13:02  Disruptor (Chrono Boost)  
  170  13:06  Photon Cannon, Shield Battery  
  170  13:08  Pylon  
  170  13:14  Zealot x10  
  170  13:16  Disruptor  
  191  13:26  Probe x3  
  194  13:27  Assimilator  
  194  13:31  Assimilator  
  194  13:34  Photon Cannon  
  175  13:49  Disruptor x2 (Chrono Boost)  
  177  14:01  Shadow Stride (Chrono Boost)  
  177  14:05  Dark Templar x10  
  195  14:18  Disruptor (Chrono Boost)  
  195  14:23  Gateway  
  198  14:25  Gateway  
  198  14:26  Gateway  
  198  14:29  Gateway  
  196  14:40  Disruptor (Chrono Boost)  
  191  14:50  Disruptor (Chrono Boost)  
  192  14:53  High Templar x4  
  197  15:01  Archon x2  
  197  15:03  Zealot  
  197  15:05  Protoss Shields Level 1 (Chrono Boost)  
  199  15:08  Photon Cannon  
  199  15:09  Photon Cannon  
  199  15:10  Photon Cannon  
  199  15:11  Photon Cannon x2  
  199  15:12  Photon Cannon  
  199  15:13  Photon Cannon  
  199  15:18  Observer (Chrono Boost)  
  199  15:23  Shield Battery  
  199  15:25  Observer (Chrono Boost)  
  199  15:31  Shield Battery  
  197  15:38  Nexus  
  197  15:40  Dark Templar  
  199  15:59  Photon Cannon  
  199  16:01  Photon Cannon  
  199  16:02  Dark Templar  
  199  16:07  Pylon  
  199  16:09  Assimilator, Pylon  
  199  16:10  Observer (Chrono Boost)  
  200  16:11  Assimilator  
  199  16:21  Observer (Chrono Boost)  
  199  16:23  Photon Cannon, Observer (Chrono Boost)  
  199  16:24  Robotics Facility  
  200  16:26  Photon Cannon  
  200  16:28  Photon Cannon  
  200  16:31  Photon Cannon  
  200  16:32  Photon Cannon  
  200  16:34  Photon Cannon  
  200  16:36  Shield Battery  
  200  16:38  Photon Cannon  
  200  16:41  Photon Cannon  
  200  16:45  Photon Cannon  
  200  16:47  Shield Battery  
  200  16:51  Observer  
  196  17:15  Disruptor  
  199  17:22  Protoss Shields Level 2 (Chrono Boost)  
  191  17:30  Stargate  
  191  17:37  Stalker x2, Dark Templar x5  
  191  17:40  Protoss Air Weapons Level 1  
  177  17:54  Dark Templar x7  
  188  18:02  Disruptor  
  188  18:03  Disruptor x2  
  175  18:09  Stalker x7  
  176  18:23  Probe x5  
  175  18:35  Oracle (Chrono Boost), Disruptor (Chrono Boost)  
  175  18:36  Disruptor (Chrono Boost)  
  187  18:43  Zealot x6  
  187  18:45  Disruptor (Chrono Boost)  
  187  18:47  Nexus  
  199  18:51  Pylon  
  199  18:52  Gateway  
  199  18:54  Gateway, Assimilator  
  199  18:55  Gateway  
  199  18:56  Assimilator  
  199  18:57  Gateway, Nexus  
  197  19:04  Disruptor  
  200  19:10  Stalker  
  192  19:29  Dark Templar x4  
  192  19:30  Dark Templar x8  
  200  19:36  Pylon  
  199  19:43  Disruptor  
  191  19:46  Stalker  
  191  19:47  Stalker  
  181  19:54  Disruptor  
  181  19:56  Stalker x4  
  176  20:13  Dark Templar x6  
  176  20:14  Dark Templar x2  
  179  20:23  Stalker x4  
  186  20:32  Observer x2  
  186  20:44  Stalker x6  
  196  20:55  Oracle  
  191  21:10  Zealot x6  
  191  21:24  Stalker x7  
  169  21:37  Disruptor  
  161  21:51  Disruptor  
  141  21:56  Stalker x7  
  153  22:13  Disruptor  
  155  22:24  Stalker x7  
  167  22:46  Disruptor  
  170  22:56  Pylon  
  169  22:59  Stalker x6  
  169  23:00  Stalker  
  165  23:19  Observer  
  166  23:21  Observer  
  166  23:28  Nexus  
  166  23:35  Nexus  
  166  23:48  Observer x2  
  107  24:04  Stalker x3  
  107  24:05  Stalker x4  
  113  24:16  Stalker x2  
  100  24:22  Stalker x2  
  96  24:29  Dark Templar  
  96  24:30  Dark Templar  
  95  24:35  Dark Templar  
Show
View Real Time Build Order
Export as new Build Order

Neeb Protoss - Winner!

Build Orders: Phoenix Opening 

Get SALT Encoding   

  12  0:00  Probe  
  13  0:12  Probe  
  14  0:17  Pylon  
  14  0:24  Probe (Chrono Boost)  
  15  0:36  Probe (Chrono Boost)  
  15  0:38  Gateway  
  16  0:44  Probe (Chrono Boost)  
  16  0:46  Assimilator  
  17  0:51  Probe  
  18  0:59  Assimilator  
  18  1:03  Probe (Chrono Boost)  
  19  1:09  Gateway  
  19  1:14  Probe (Chrono Boost)  
  20  1:19  Probe (Chrono Boost)  
  21  1:26  Cybernetics Core  
  21  1:30  Probe  
  22  1:37  Pylon  
  22  1:42  Probe  
  23  1:55  Probe  
  24  2:02  Stalker (Chrono Boost)  
  24  2:03  Warp Gate  
  24  2:07  Probe  
  24  2:08  Sentry (Chrono Boost)  
  29  2:14  Pylon  
  29  2:19  Probe  
  30  2:23  Pylon  
  30  2:31  Sentry (Chrono Boost)  
  30  2:33  Stalker (Chrono Boost)  
  34  2:40  Phoenix  
  34  2:53  Nexus  
  35  3:00  Shield Battery  
  35  3:02  Sentry  
  36  3:10  Stalker  
  38  3:15  Pylon  
  38  3:19  Probe (Chrono Boost)  
  39  3:31  Twilight Council  
  40  3:35  Phoenix, Probe (Chrono Boost)  
  40  3:40  Probe (Chrono Boost)  
  41  3:50  Probe, Forge  
  43  4:05  Blink (Chrono Boost), Probe (Chrono Boost)  
  43  4:06  Probe (Chrono Boost)  
  44  4:15  Probe (Chrono Boost)  
  46  4:18  Probe (Chrono Boost)  
  46  4:20  Probe (Chrono Boost)  
  46  4:22  Protoss Ground Weapons Level 1  
  46  4:23  Phoenix  
  46  4:24  Robotics Facility  
  47  4:26  Probe  
  48  4:32  Probe  
  49  4:38  Probe  
  49  4:40  Gateway  
  49  4:41  Gateway  
  49  4:42  Stalker x2  
  49  4:44  Probe  
  51  4:47  Assimilator  
  51  4:50  Probe  
  52  4:58  Stalker x2  
  57  5:06  Pylon  
  56  5:08  Immortal (Chrono Boost)  
  56  5:11  Shield Battery  
  60  5:20  Pylon  
  60  5:21  Stalker  
  60  5:29  Probe  
  60  5:30  Probe  
  60  5:32  Adept  
  60  5:33  Adept  
  60  5:35  Stalker  
  68  5:40  Observer  
  68  5:41  Probe  
  70  5:44  Probe  
  70  5:45  Pylon  
  71  5:52  Pylon  
  71  6:01  Warp Prism (Chrono Boost)  
  73  6:07  Nexus  
  73  6:09  Probe  
  72  6:15  Probe  
  71  6:19  Charge  
  71  6:21  Probe  
  71  6:25  Pylon  
  72  6:26  Protoss Ground Weapons Level 2 (Chrono Boost)  
  72  6:27  Probe  
  72  6:31  Stalker x2  
  77  6:33  Probe  
  77  6:39  Probe  
  79  6:40  Phoenix  
  79  6:45  Probe  
  80  6:48  Gateway  
  80  6:49  Gateway  
  80  6:52  Probe  
  81  6:57  Probe  
  82  7:02  Gateway  
  82  7:03  Gateway  
  82  7:05  Probe, Templar Archives  
  83  7:09  Pylon  
  83  7:11  Shield Battery  
  83  7:12  Probe  
  84  7:17  Probe  
  85  7:23  Gateway  
  85  7:25  Gateway, Assimilator  
  85  7:27  Probe  
  87  7:35  Zealot x3  
  94  7:43  Stalker x2  
  93  7:49  High Templar  
  93  7:50  Probe x3  
  98  7:56  Zealot x2, High Templar  
  104  8:00  Archon  
  104  8:01  Zealot x2  
  104  8:02  Probe  
  104  8:03  Probe  
  104  8:05  Probe  
  111  8:13  Assimilator x2, High Templar x2  
  111  8:16  Pylon x2  
  111  8:17  Archon  
  111  8:18  Pylon  
  115  8:21  Zealot  
  117  8:34  Probe  
  118  8:35  Zealot x6  
  118  8:36  Zealot  
  118  8:52  Probe  
  118  8:55  Probe, Protoss Ground Weapons Level 3 (Chrono Boost)  
  114  8:57  Robotics Facility, Robotics Bay  
  114  9:02  Zealot  
  116  9:05  Zealot x5  
  126  9:14  Zealot x3  
  108  9:28  Zealot x2  
  108  9:30  Zealot x4  
  120  9:38  Probe x3  
  117  9:46  Disruptor (Chrono Boost)  
  117  9:47  Disruptor (Chrono Boost)  
  123  9:54  High Templar x4  
  131  10:00  Nexus, Archon x2, Pylon x2  
  131  10:08  Zealot x2  
  131  10:11  Disruptor (Chrono Boost)  
  138  10:15  Disruptor (Chrono Boost)  
  141  10:24  Pylon  
  141  10:29  Probe x2  
  141  10:30  Zealot x3  
  148  10:37  Disruptor (Chrono Boost)  
  148  10:40  Disruptor (Chrono Boost)  
  148  10:41  Dark Shrine  
  148  10:42  Photon Cannon  
  146  10:50  Zealot x2  
  146  10:54  Zealot x4  
  158  11:01  Probe x2  
  160  11:05  Photon Cannon  
  154  11:12  Zealot x2, High Templar x4  
  154  11:14  Photon Cannon  
  154  11:16  Archon  
  164  11:19  Archon  
  164  11:24  Zealot x4  
  172  11:28  Probe x3  
  167  11:44  Shadow Stride  
  165  11:51  Zealot x7  
  172  11:57  Assimilator x2  
  172  11:59  Pylon  
  170  12:02  Pylon  
  170  12:03  Pylon  
  170  12:04  Pylon  
  170  12:06  Dark Templar x2  
  170  12:07  Dark Templar  
  168  12:13  Stalker x2  
  170  12:15  Probe  
  170  12:17  Probe  
  170  12:20  Probe  
  170  12:21  Shield Battery  
  161  12:40  Dark Templar x8  
  161  12:42  Gravitic Boosters  
  177  12:46  Photon Cannon  
  177  12:49  Observer x2 (Chrono Boost)  
  179  13:02  Disruptor (Chrono Boost)  
  182  13:12  Nexus  
  182  13:16  Stalker x5  
  192  13:24  Probe x3  
  192  13:25  Pylon  
  192  13:26  Probe  
  196  13:29  Photon Cannon  
  196  13:31  Photon Cannon  
  190  13:49  Photon Cannon  
  190  13:51  Pylon  
  190  13:52  Photon Cannon  
  190  13:55  Observer x2  
  191  14:00  Photon Cannon  
  191  14:03  Photon Cannon x2  
  191  14:06  Shield Battery x2  
  189  14:21  Observer x2  
  189  14:23  Zealot x4  
  199  14:26  Stargate  
  199  14:27  Photon Cannon  
  199  14:30  Photon Cannon  
  197  14:32  Photon Cannon  
  197  14:35  Protoss Air Weapons Level 1 (Chrono Boost), Assimilator  
  197  14:37  Assimilator  
  187  14:47  Dark Templar x5  
  197  14:52  Photon Cannon  
  197  14:54  Photon Cannon  
  197  14:56  Photon Cannon  
  197  14:57  Photon Cannon  
  197  15:00  Photon Cannon, Stalker  
  199  15:07  Pylon  
  199  15:13  Photon Cannon  
  199  15:14  Photon Cannon  
  199  15:22  Fleet Beacon  
  199  15:24  Stargate  
  199  15:28  Stargate  
  196  16:01  Protoss Shields Level 1 (Chrono Boost)  
  196  16:08  Nexus  
  192  16:15  Protoss Air Weapons Level 2 (Chrono Boost)  
  188  16:22  Mothership (Chrono Boost)  
  196  16:32  Pylon  
  196  16:33  Pylon  
  196  16:36  Photon Cannon  
  196  16:38  Photon Cannon  
  190  16:40  Photon Cannon  
  181  16:55  Zealot x2  
  181  16:56  Zealot x7  
  194  17:19  Dark Templar x2  
  194  17:20  Dark Templar  
  200  17:30  Photon Cannon  
  200  17:32  Photon Cannon  
  200  17:34  Photon Cannon  
  200  17:36  Photon Cannon  
  200  17:39  Photon Cannon  
  200  17:42  Assimilator  
  167  18:05  Zealot x3  
  167  18:06  Zealot x7  
  173  18:12  Assimilator  
  173  18:14  Disruptor x2 (Chrono Boost)  
  173  18:16  Carrier x3 (Chrono Boost)  
  138  18:31  Stalker x8  
  138  18:32  Stalker x2  
  176  18:36  Protoss Shields Level 2  
  176  18:40  Protoss Air Weapons Level 3 (Chrono Boost)  
  176  18:47  Disruptor x2 (Chrono Boost)  
  182  18:49  Photon Cannon  
  182  18:52  Shield Battery  
  180  19:06  Dark Templar x10  
  193  19:24  Photon Cannon  
  185  19:32  Photon Cannon  
  185  19:34  Photon Cannon  
  185  19:36  Photon Cannon  
  185  19:38  Photon Cannon x2  
  181  19:42  Photon Cannon  
  175  19:55  Dark Templar x5  
  175  19:56  Zealot x5  
  176  20:17  Probe x3  
  176  20:18  Zealot x3, Dark Templar x2  
  176  20:20  Observer  
  189  20:30  Disruptor x2 (Chrono Boost)  
  195  20:39  Nexus  
  195  20:48  Pylon  
  193  20:52  Pylon  
  193  20:58  Observer (Chrono Boost)  
  183  21:23  Protoss Air Armor Level 1 (Chrono Boost)  
  183  21:28  Zealot x6  
  183  21:29  Zealot x2  
  167  21:48  Carrier x3  
  177  21:55  Dark Templar x2  
  177  21:56  Zealot x8  
  177  22:00  Observer (Chrono Boost)  
  197  22:02  Observer (Chrono Boost)  
  175  22:14  Nexus  
  175  22:17  Pylon  
  173  22:27  Disruptor (Chrono Boost)  
  179  22:30  Disruptor (Chrono Boost)  
  179  22:32  Stalker x5  
  178  22:55  Disruptor (Chrono Boost)  
  177  23:00  Disruptor (Chrono Boost)  
  178  23:13  Dark Templar  
  178  23:14  Dark Templar x7  
  194  23:24  Photon Cannon  
  194  23:25  Photon Cannon  
  194  23:28  Photon Cannon  
  194  23:29  Pylon  
  194  23:32  Photon Cannon  
  193  23:36  Observer x2 (Chrono Boost)  
  165  24:05  Stalker x5  
  165  24:06  Stalker x3  
  171  24:23  Pylon  
  167  24:30  Nexus  
  165  24:37  Dark Templar x8  

Tags
 
Add a new tag
Caveats
  • Supply blocks, unpowered buildings, or Contaminate may cause inaccurate times.
  • Supply counts are checked every 10 seconds.